 Dungeon Crawl Stone Soup version 0.29.1 (webtiles) character file.

Game seed: 13757027051289738504

221 xian the Ruffian (level 5, 0/49 HPs)
             Began as a Troll Gladiator on Sept 13, 2022.
             Succumbed to a scorpion's poison
             ... on level 4 of the Dungeon.
             The game lasted 00:05:25 (1892 turns).

xian the Ruffian (Troll Gladiator)                  Turns: 1892, Time: 00:05:26

Health: 0/49       AC:  4    Str: 24    XL:     5   Next: 65%
Magic:  4/4        EV: 14    Int:  4    God:
Gold:   155        SH:  0    Dex: 11    Spells: 4/4 levels left

rFire   . . .      SeeInvis .     - Unarmed
rCold   . . .      Faith    .   (no shield)
rNeg    . . .      Spirit   .   a - +0 robe
rPois   .          Reflect  .   b - +0 hat
rElec   .          Harm     .   (no cloak)
rCorr   .          Rampage  .   (gloves unavailable)
Will    .....                   (boots unavailable)
Stlth   +.........              (no amulet)
HPRegen 0.96/turn               r - +4 ring of evasion
MPRegen 0.09/turn               (no ring)

@: lethally poisoned (0 -> -9)
A: large, unfitting armour, claws 3, regeneration 1, shaggy fur 1, tough skin 1
a: no special abilities


You were on level 4 of the Dungeon.
You visited 1 branch of the dungeon, and saw 4 of its levels.

You collected 155 gold pieces.

Inventory:

Hand Weapons
 h - the +6 sling "Momofeud" {venom, Str-4 Int+2 Dex+3}
   (You found it on level 2 of the Dungeon)

   Any ammunition fired from it poisons the flesh of those it strikes.
   Str:       It affects your strength (-4).
   Int:       It affects your intelligence (+2).
   Dex:       It affects your dexterity (+3).
Missiles
 c - 3 throwing nets
 d - a large rock (quivered)
 e - 3 poisoned darts
Armour
 a - a +0 robe (worn)
 b - a +0 hat (worn)
Jewellery
 r - a +4 ring of evasion (left claw)
Wands
 n - a wand of flame (17)
Scrolls
 g - 3 scrolls of identify {unknown}
 j - a scroll of summoning {unknown}
 k - a scroll of amnesia {unknown}
 m - a scroll of poison {unknown}
 p - a scroll of blinking {unknown}
Potions
 f - 4 potions of curing {unknown}
 i - 3 potions of haste {unknown}
 l - 3 potions of heal wounds {unknown}
 o - a potion of degeneration {unknown}
 q - a potion of attraction {unknown}


   Skills:
 + Level 1.9 Fighting
 + Level 1.9 Ranged Weapons
 + Level 2.0 Throwing
 + Level 3.0 Dodging
 + Level 4.8 Unarmed Combat


You had 4 spell levels left.
You didn't know any spells.
Your spell library contained the following spells:

 Spells                   Type           Power      Damage    Failure   Level
 Frozen Ramparts          Ice            0%         1d1       86%         3
 Ice Form                 Ice/Tmut       0%         N/A       99%         4
 Summon Ice Beast         Ice/Summ       0%         N/A       99%         4


Dungeon Overview and Level Annotations

Branches:
Dungeon (4/15)
 Temple: D:4-7

Altars:
Uskayaw

Annotations:
D:2 1 runed translucent door, Crazy Yiuf


Innate Abilities, Weirdness & Mutations

You are too large for most types of armour.
You have claws for hands.
Your natural rate of healing is unusually fast.
You are covered in fur. (AC +1)
You have tough skin. (AC +1)


Message History

The scorpion stings you.
You shoot a sling bullet.
The sling bullet closely misses the scorpion.
You feel very sick. The scorpion stings you.
You are more poisoned.
The scorpion poisons you!
You shoot a sling bullet.
The sling bullet barely misses the scorpion.
You feel very sick. The scorpion misses you. The scorpion barely misses you.
You are too injured to fight recklessly!
You are too injured to fight recklessly!
You are too injured to fight recklessly!
Okay, then.
The +6 sling "Momofeud" {venom, Str-4 Int+2 Dex+3} stops dripping with poison.
You are now empty-clawed.
You feel sick.
You scratch the scorpion but do no damage.
You feel very sick. The scorpion stings you.
You closely miss the scorpion.
You feel sick. The scorpion stings you.
You closely miss the scorpion.
You feel sick. The scorpion completely misses you.
You scratch the scorpion.
The scorpion is moderately wounded.
You feel sick. The scorpion barely misses you.
The scorpion stings you but does no damage.
You scratch the scorpion but do no damage.
The scorpion is moderately wounded.
You feel sick. The scorpion stings you.
* * * LOW HITPOINT WARNING * * *
You barely miss the scorpion.
The scorpion is moderately wounded.
You feel sick. The scorpion stings you.
* * * LOW HITPOINT WARNING * * *
You are lethally poisoned!
The scorpion poisons you!
You claw the scorpion!
The scorpion is almost dead.
You die...

.# #..####### .#
#........##
.######........#
.....##...#####.
.........## ##
..........## .##
..###......## ..#
..#######...#####s.#
#..# ###.....@..#
#..#### ###.....##
##....### #######
###....## ###
####..######### ##.#
##.....##..### ##.##
##....†.....###.##
#########.....##
###..##


You could see a scorpion.

Vanquished Creatures
  Ijyb (D:3)
  Natasha (thrice) (D:2)
  5 adders
  5 dart slugs
  5 ball pythons
  8 bats
  10 endoplasms
  2 giant cockroaches
  4 goblins
  3 hobgoblins
  6 jackals
  3 kobolds
  2 quokkas
  3 frilled lizards
  5 rats
65 creatures vanquished.

Notes
Turn   | Place    | Note
-------+----------+-------------------------------------------
     0 | D:1      | xian the Troll Gladiator began the quest for the Orb.
     0 | D:1      | Reached XP level 1. HP: 19/19 MP: 0/0
    28 | D:1      | Reached XP level 2. HP: 27/27 MP: 1/1
   228 | D:1      | Found a faded altar of an unknown god.
   331 | D:1      | Reached XP level 3. HP: 35/35 MP: 2/2
   583 | D:2      | Reached skill level 4 in Unarmed Combat
   603 | D:2      | Noticed Natasha
   618 | D:2      | Killed Natasha
   619 | D:2      | Reached XP level 4. HP: 11/42 MP: 3/3
   657 | D:2      | Noticed Natasha
   661 | D:2      | Identified the +6 sling "Momofeud" {venom, Str-4 Int+2
                  | Dex+3}
   784 | D:2      | Found a runed translucent door.
   785 | D:2      | Noticed Crazy Yiuf
   829 | D:2      | Found a hide-covered altar of Uskayaw.
  1104 | D:2      | Killed Natasha
  1110 | D:2      | Noticed Natasha
  1116 | D:2      | Killed Natasha
  1193 | D:2      | Reached XP level 5. HP: 49/49 MP: 4/4
  1278 | D:3      | Noticed Ijyb
  1288 | D:3      | Killed Ijyb
  1289 | D:3      | Reached skill level 1 in Ranged Weapons
  1891 | D:4      | HP: 2/49 [scorpion (6)]
  1892 | D:4      | Succumbed to a scorpion's poison

Illustrated notes

Levels and vault maps discovered:
D:1:      wander_arrival_fairy_ring, layout_rooms,
          hellmonk_ecumenical_altar_pennies_from_heaven
D:2:      layout_loops_cross, basic_altar, grunt_ministairs_13,
          uniq_crazy_yiuf_cottage, uniq_natasha
D:3:      layout_rooms, uniq_ijyb
D:4:      layout_layer_cave, minmay_divided_ellipse

Skill      XL: |  1  2  3  4  5 |
---------------+----------------+-----
Unarmed Combat | 4 |  4.8
Throwing       | 2 |  2.0
Dodging        | 3 |  3.0
Ranged Weapons | 1 |  1.9
Fighting       | |  1.9

Action                   |  1- 3 |  4- 6 || total
-------------------------+-------+-------++-------
Melee: Unarmed           |    81 |     7 ||    88
       Punch             |     1 |       ||     1
 Fire: Sling             |       |    78 ||    78
Armor: Robe              |    35 |     3 ||    38
Dodge: Dodged            |    59 |    13 ||    72
